 Dungeon Sprint DCSS version 0.17-a0-2027-gcac42c4 (webtiles) character file.

1041 kosy22 the Grappler (level 8, -7/87 HPs)
             Began as a Troll Monk on Oct 10, 2015.
             Was the Champion of Jiyva.
             Mangled by a spiny frog (8 damage)
             ... in the Dungeon (Sprint IX: "|||||||||||||||||||||||||||||").
             The game lasted 00:04:53 (485 turns).

kosy22 the Grappler (Troll Monk)                     Turns: 485, Time: 00:05:00

Health: -7/87      AC: 14    Str: 22    XL:     8   Next: 4%
Magic:  4/7        EV: 14    Int: 11    God:    Jiyva [******]
Gold:   15         SH:  0    Dex: 14    Spells: 0 memorised, 7 levels left

rFire  . . .     SeeInvis .     l - +4 quarterstaff (protect)
rCold  . . .     Clarity  .     a - +0 robe
rNeg   . . .     SustAt   .     (no shield)
rPois  .         Gourm    +     (helmet restricted)
rElec  .         Spirit   .     m - +0 cloak
rCorr  +         Warding  .     (gloves unavailable)
rMut   .         NoTele   +     (boots unavailable)
MR     .....                    w - amulet of regeneration
Stlth  ++........               n - +3 ring of intelligence
                                o - +2 ring of protection

@: lethally poisoned (-7 -> -20), not resistant to hostile enchantments,
unstealthy
A: unfitting armour, claws 3, talons 1, thin metallic scales 1, thin skeletal
structure 1, blurry vision 1, clever 1, fast metabolism 3, gourmand,
regeneration 2, shaggy fur 1, spit poison 1, tough skin 2, pseudopods 1, jelly
sensing items
a: Spit Poison, Request Jelly, Jelly Paralyse, Slimify, Cure Bad Mutation,
Renounce Religion


You were in the Dungeon.
You worshipped Jiyva.
Jiyva was exalted by your worship.
You were not hungry.

You visited 1 branch You collected 15 gold pieces.

Inventory:

Hand Weapons
 l - a +4 quarterstaff of protection (weapon)
Armour
 a - a +0 robe (worn)
 m - a +0 cloak (worn)
Jewellery
 n - a +3 ring of intelligence (right claw)
 o - a +2 ring of protection (left claw)
 w - an amulet of regeneration (around neck)
Wands
 k - a wand of fire (7)
Scrolls
 h - 2 scrolls of blinking
 i - 3 scrolls of remove curse
 j - 2 scrolls of amnesia
 s - 2 scrolls of identify
 t - a scroll of fear
 u - a scroll of recharging
 v - 2 scrolls of enchant armour
Potions
 c - 5 potions of curing
 d - 7 potions of heal wounds
 e - a potion of haste
 f - 4 potions of magic
 g - a potion of invisibility
 p - a potion of agility
 q - a potion of cure mutation
 r - 2 potions of berserk rage
Comestibles
 b - 2 bread rations


   Skills:
 + Level 7.0 Fighting
 + Level 1.0 Staves
 + Level 7.7 Dodging
 + Level 2.8 Stealth
 + Level 12.8 Unarmed Combat


You had 7 spell levels left.
You didn't know any spells.

Dungeon Overview and Level Annotations

Branches:
Dungeon (1/1)

Altars:
Cheibriados
Dithmenos
Elyvilon
Fedhas
Gozag
Kikubaaqudgha
Makhleb
Nemelex Xobeh
Okawaru
Qazlal
Ru
Sif Muna
Trog
Vehumet
Xom
Yredelemnul
Zin
The Shining One
Beogh
Jiyva
Lugonu


Innate Abilities, Weirdness & Mutations

You are too large for most types of armour.
You have claws for hands.
Your metabolism is lightning-fast.
You like to eat raw meat.
You heal very quickly.
You are covered in fur (AC +1).
You have very tough skin (AC +2).
You have sharp toenails.
You are partially covered in thin metallic scales (AC +2).
You have a somewhat thin skeletal structure (Dex +2, Stealth).
Scrolls take you a little longer to read.
Your mind is acute. (Int +2)
You can spit weak poison.
Armour fits poorly on your pseudopods.
You have a small jelly attached to you that senses nearby items.


Message History

* * * LOW HITPOINT WARNING * * *
You are lethally poisoned!
The spiny frog poisons you!
* * * LOW HITPOINT WARNING * * *
You feel very sick.
Use which ability?
You don't have enough magic at the moment.
You hit the spiny frog.
The spiny frog is lightly wounded.
* * * LOW HITPOINT WARNING * * *
You feel very sick. The spiny frog barely misses you.
You sock the spiny frog!
You claw the spiny frog, but do no damage.
You bludgeon the spiny frog, but do no damage.
The spiny frog is moderately wounded.
* * * LOW HITPOINT WARNING * * *
You feel very sick. The spiny frog stings you!
You die...

▓▓▓▓▓▓▓▓▓▓▓▓▓▓▓▓▓▓▓▓▓▓▓▓▓▓▓▓▓▓▓▓
J____________'..)†()...†('....<▓
▓▓▓▓▓▓▓▓▓▓▓▓▓▓▓▓▓▓▓▓▓▓▓▓▓▓▓▓▓▓▓▓
...............................▓
▓▓▓▓▓▓▓▓▓▓▓▓▓▓▓▓▓▓▓▓▓▓▓▓▓▓▓▓▓▓.▓
F..S..'FFSFFF@......'.......▓
▓▓▓▓▓▓▓▓▓▓▓▓▓▓▓▓▓▓▓▓▓▓▓▓▓▓▓▓▓
∆∆∆∆∆∆∆∆∆∆∆∆


You could see 3 spiny frogs, a water moccasin and 2 giant frogs.

Vanquished Creatures
  A wasp (D)
  An ogre (D)
  A centaur (D)
  A killer bee (D)
  2 worker ants (D)
  A bat (D)
  A hobgoblin (D)
  A jackal (D)
  A quokka (D)
  A giant cockroach (D)
  A kobold (D)
12 creatures vanquished.

Vanquished Creatures (collateral kills)
  A komodo dragon (D)
  A yak (D)
  A hungry ghost (D)
3 creatures vanquished.

Vanquished Creatures (others)
  A hydra (D)
  A slime creature (D)
  A giant frog (D)
  5 jellies (D)
  A quasit (D)
  A shadow imp (D)
  A bat skeleton (D)
  A quokka (D)
12 creatures vanquished.

Grand Total: 27 creatures vanquished

Notes
Turn   | Place    | Note
--------------------------------------------------------------
     0 | D        | kosy22 the Troll Monk began the quest for the Orb.
     0 | D        | Reached XP level 1. HP: 22/22 MP: 0/0
    21 | D        | Noticed a worker ant
    21 | D        | Noticed a centaur
    21 | D        | Noticed a worker ant
    21 | D        | Noticed an ogre
    25 | D        | Killed an ogre
    25 | D        | Reached skill level 7 in Unarmed Combat
    25 | D        | Reached XP level 2. HP: 32/32 MP: 1/1
    25 | D        | Reached XP level 3. HP: 39/39 MP: 2/2
    25 | D        | Reached XP level 4. HP: 48/48 MP: 3/3
    36 | D        | Killed a worker ant
    38 | D        | Killed a centaur
    38 | D        | Reached skill level 5 in Fighting
    38 | D        | Reached skill level 5 in Dodging
    38 | D        | Reached skill level 9 in Unarmed Combat
    38 | D        | Reached XP level 5. HP: 46/57 MP: 4/4
    39 | D        | Killed a worker ant
   100 | D        | Found a glowing silver altar of Zin.
   100 | D        | Found a glowing golden altar of the Shining One.
   100 | D        | Found an ancient bone altar of Kikubaaqudgha.
   100 | D        | Found a basalt altar of Yredelemnul.
   100 | D        | Found a shimmering altar of Xom.
   100 | D        | Found a radiant altar of Vehumet.
   101 | D        | Found an iron altar of Okawaru.
   102 | D        | Found a burning altar of Makhleb.
   103 | D        | Found a deep blue altar of Sif Muna.
   104 | D        | Found a bloodstained altar of Trog.
   105 | D        | Found a sparkling altar of Nemelex Xobeh.
   106 | D        | Found a white marble altar of Elyvilon.
   107 | D        | Found a roughly hewn altar of Beogh.
   108 | D        | Found a viscous altar of Jiyva.
   109 | D        | Found a corrupted altar of Lugonu.
   110 | D        | Found a blossoming altar of Fedhas.
   111 | D        | Found a snail-covered altar of Cheibriados.
   112 | D        | Found a shadowy altar of Dithmenos.
   113 | D        | Found a stormy altar of Qazlal.
   114 | D        | Found an opulent altar of Gozag.
   115 | D        | Found a sacrificial altar of Ru.
   126 | D        | Became a worshipper of Jiyva Jenexzan the Shapeless
   126 | D        | Acquired Jiyva's first power
   126 | D        | Acquired Jiyva's second power
   152 | D        | Gained mutation: You can translocate small distances at will. [Jiyva's grace]
   152 | D        | Acquired Jiyva's third power
   152 | D        | Acquired Jiyva's fourth power
   152 | D        | Gained mutation: You can breathe flames. [Jiyva's grace]
   152 | D        | Gained mutation: Your body is partially covered in golden eyeballs (Acc +3). [Jiyva's grace]
   155 | D        | Gained mutation: You are partially covered in thin metallic scales (AC +2). [Jiyva's grace]
   157 | D        | Lost mutation: You can translocate small distances at will. [Jiyva's grace]
   158 | D        | Lost mutation: You can breathe flames. [Jiyva's grace]
   170 | D        | Noticed a quasit
   170 | D        | Noticed a giant frog
   170 | D        | Noticed a hill giant
   174 | D        | Slimified a hill giant
   174 | D        | Noticed an azure jelly
   174 | D        | a hill giant changed into an azure jelly
   177 | D        | Killed a giant frog
   179 | D        | Killed a quasit
   184 | D        | Lost mutation: Your body is partially covered in golden eyeballs (Acc +3). [Jiyva's grace]
   190 | D        | Noticed a wasp
   190 | D        | Noticed a killer bee
   190 | D        | Noticed a yak
   190 | D        | Noticed a six-headed hydra
   190 | D        | Noticed a hungry ghost
   190 | D        | Noticed a komodo dragon
   209 | D        | Killed a komodo dragon
   209 | D        | Reached skill level 11 in Unarmed Combat
   209 | D        | Reached XP level 6. HP: 20/67 MP: 5/5
   211 | D        | Killed a six-headed hydra
   211 | D        | Reached skill level 12 in Unarmed Combat
   211 | D        | Reached XP level 7. HP: 23/76 MP: 6/6
   213 | D        | Killed a hungry ghost
   216 | D        | Killed a yak
   223 | D        | Killed a killer bee
   228 | D        | Paralysed by a wasp for 1 turns
   229 | D        | Killed a wasp
   229 | D        | Reached skill level 1 in Staves
   229 | D        | Reached XP level 8. HP: 18/87 MP: 7/7
   321 | D        | Gained mutation: Your mind is acute. (Int +2) [Jiyva's grace]
   322 | D        | Gained mutation: You have sharp toenails. [Jiyva's grace]
   322 | D        | Gained mutation: You have supernaturally acute eyesight. [Jiyva's grace]
   326 | D        | Gained mutation: You have a small jelly attached to you that senses nearby items. [Jiyva's grace]
   329 | D        | Gained mutation: Your rubbery body absorbs attacks (AC +1). [Jiyva's grace]
   330 | D        | Gained mutation: You have an increased reservoir of magic (+10% MP). [Jiyva's grace]
   330 | D        | Gained mutation: You are resistant to hostile enchantments. [Jiyva's grace]
   332 | D        | Gained mutation: You have razor-sharp toenails. [Jiyva's grace]
   333 | D        | Lost mutation: You have razor-sharp toenails. [Jiyva's grace]
   337 | D        | Lost mutation: Your rubbery body absorbs attacks (AC +1). [Jiyva's grace]
   338 | D        | Lost mutation: You are resistant to hostile enchantments. [Jiyva's grace]
   339 | D        | Gained mutation: You evolve. [Jiyva's grace]
   340 | D        | Lost mutation: Your mind is acute. (Int +2) [Jiyva's grace]
   340 | D        | Gained mutation: You have a somewhat thin skeletal structure (Dex +2, Stealth). [Jiyva's grace]
   342 | D        | Gained mutation: Your mind is acute. (Int +2) [Jiyva's grace]
   377 | D        | Lost mutation: You evolve. [Jiyva's grace]
   377 | D        | Gained mutation: You are agile. (Dex +2) [Jiyva's grace]
   407 | D        | Lost mutation: You are agile. (Dex +2) [Jiyva's grace]
   417 | D        | Gained mutation: Your skin is partially translucent (Stealth, -foe acc). [Jiyva's grace]
   418 | D        | Lost mutation: You have supernaturally acute eyesight. [Jiyva's grace]
   422 | D        | Gained mutation: Scrolls take you a little longer to read. [Jiyva's grace]
   433 | D        | Lost mutation: Your skin is partially translucent (Stealth, -foe acc). [Jiyva's grace]
   435 | D        | Lost mutation: You have an increased reservoir of magic (+10% MP). [Jiyva's grace]
   438 | D        | Gained mutation: You can spit weak poison. [Jiyva's grace]
   440 | D        | Gained mutation: Armour fits poorly on your pseudopods. [Jiyva's grace]
   466 | D        | Noticed a giant frog
   466 | D        | Noticed a water moccasin
   466 | D        | Noticed a spiny frog
   466 | D        | Noticed a spiny frog
   466 | D        | Noticed a giant frog
   466 | D        | Noticed a black mamba
   468 | D        | Noticed a spiny frog
   477 | D        | Slimified a black mamba
   477 | D        | Noticed a slime creature
   477 | D        | a black mamba changed into a slime creature
   480 | D        | Killed a slime creature
   485 | D        | HP: 1/87 [poisoned by a spiny frog]
   485 | D        | Mangled by a spiny frog

Vault maps used:
D:        linesprint

Action                   |  1- 3 |  4- 6 |  7- 9 || total
-------------------------+-------+-------+-------++-------
Melee: Unarmed           |    13 |    11 |       ||    24
       Quarterstaff      |       |     9 |    17 ||    26
Invok: Slimify           |       |     1 |     1 ||     2
       Request Jelly     |       |       |     1 ||     1
  Use: Potion            |     1 |       |       ||     1
